[ AOE2 MATCH · #508176546 ]
UnrankedHindustanis vs Incas
Rival team · LOSS
[ REPLAY ANALYSIS · EXTRACTED FROM THE RECORDED GAME ]
Feudal
9:16
Castle
22:23
Imperial
39:15
| APM avg | 82.0 |
| APM peak | 133 |
| eAPM avg | 59.1 |
| Villagers / military | 191 / 188 |
Focus
⚔️ 65.6% · 🌾 34.4%
Ghulam ×154 · Monk ×9 · Scout Cavalry ×9 · Skirmisher ×8 · Archer ×5 · Trebuchet (Packed) ×2
Feudal
11:22
Castle
21:29
Imperial
—
| APM avg | 59.9 |
| APM peak | 126 |
| eAPM avg | 29.8 |
| Villagers / military | 94 / 46 |
Focus
⚔️ 47.0% · 🌾 53.0%
Unknown (2550) ×94 · Petard ×17 · Archer ×11 · Kamayuk ×9 · Monk ×5 · Battering Ram ×3
Match map
Initial resources + every placement click. Lines = walls · curves = elevation contours. ◆ gold · ⬟ stone · ● berries · ✦ relic · ◌ wall gap
Your base· Open — unwalled flank
半月回淑's base· ✓ Closed at 21:29 · 36t walls · 1 gate(s)
Smoothed initial terrain · ◌ = detected wall gap · hover for details
Inputs per minute
— SalzZ_wide - - 半月回淑
Build order — SalzZ_wide
First 150 of 556 actions detected
| 0:01 | Queue | Villager (Male) |
| 0:01 | Queue | Villager (Male) |
| 0:01 | Queue | Villager (Male) |
| 0:02 | Queue | Villager (Male) |
| 0:02 | Queue | Villager (Male) |
| 0:03 | Build | House |
| 0:04 | Build | House |
| 1:00 | Queue | Villager (Male) |
| 1:00 | Queue | Villager (Male) |
| 1:27 | Queue | Villager (Male) |
| 2:00 | Queue | Villager (Male) |
| 2:17 | Queue | Villager (Male) |
| 2:18 | Queue | Villager (Male) |
| 2:19 | Build | Lumber Camp |
| 2:46 | Queue | Villager (Male) |
| 2:46 | Queue | Villager (Male) |
| 2:56 | Queue | Villager (Male) |
| 3:28 | Build | House |
| 3:29 | Build | House |
| 3:32 | Queue | Villager (Male) |
| 3:34 | Queue | Villager (Male) |
| 3:52 | Queue | Villager (Male) |
| 4:23 | Queue | Villager (Male) |
| 4:26 | Queue | Villager (Male) |
| 4:26 | Queue | Villager (Male) |
| 4:50 | Build | Mill |
| 5:01 | Queue | Villager (Male) |
| 5:02 | Queue | Villager (Male) |
| 5:03 | Queue | Villager (Male) |
| 5:18 | Queue | Villager (Male) |
| 5:19 | Research | Loom |
| 5:24 | Queue | Villager (Male) |
| 5:26 | Research | Loom |
| 6:48 | Research | Feudal Age |
| 6:48 | Research | Feudal Age |
| 6:52 | Build | Palisade Wall |
| 6:52 | Build | Palisade Wall |
| 6:53 | Build | Palisade Wall |
| 7:20 | Build | Lumber Camp |
| 8:33 | Build | Barracks |
| 8:53 | Queue | Villager (Male) |
| 9:16 | Queue | Villager (Male) |
| 9:16 | Age | Feudal Age |
| 9:20 | Research | Double-Bit Axe |
| 9:24 | Build | Stable |
| 9:32 | Queue | Villager (Male) |
| 9:41 | Research | Horse Collar |
| 9:41 | Research | Horse Collar |
| 9:44 | Queue | Villager (Male) |
| 9:48 | Build | House |
| 10:06 | Queue | Scout Cavalry |
| 10:07 | Queue | Scout Cavalry |
| 10:08 | Build | House |
| 10:10 | Queue | Villager (Male) |
| 10:18 | Build | Farm |
| 10:25 | Queue | Villager (Male) |
| 10:40 | Build | Palisade Wall |
| 10:42 | Build | Palisade Wall |
| 10:48 | Queue | Scout Cavalry |
| 10:52 | Queue | Villager (Male) |
| 10:55 | Build | House |
| 11:00 | Build | Palisade Wall |
| 11:08 | Queue | Villager (Male) |
| 11:17 | Queue | Villager (Male) |
| 11:17 | Queue | Villager (Male) |
| 11:19 | Build | Archery Range |
| 11:32 | Build | Mining Camp |
| 11:32 | Queue | Villager (Male) |
| 11:44 | Queue | Villager (Male) |
| 11:56 | Build | Farm |
| 11:57 | Build | Farm |
| 12:03 | Build | House |
| 12:11 | Queue | Archer |
| 12:17 | Queue | Villager (Male) |
| 12:18 | Build | Farm |
| 12:20 | Queue | Scout Cavalry |
| 12:21 | Queue | Scout Cavalry |
| 12:24 | Build | Farm |
| 12:26 | Build | Palisade Wall |
| 12:31 | Build | Palisade Wall |
| 12:33 | Build | Palisade Wall |
| 12:42 | Build | House |
| 12:44 | Build | Palisade Wall |
| 12:47 | Queue | Archer |
| 12:48 | Queue | Villager (Male) |
| 12:50 | Build | Farm |
| 12:54 | Build | House |
| 13:09 | Build | Palisade Wall |
| 13:10 | Build | Palisade Wall |
| 13:17 | Queue | Scout Cavalry |
| 13:20 | Queue | Villager (Male) |
| 13:20 | Queue | Villager (Male) |
| 13:21 | Build | Farm |
| 13:22 | Build | Farm |
| 13:27 | Queue | Scout Cavalry |
| 13:38 | Queue | Archer |
| 13:44 | Queue | Villager (Male) |
| 13:44 | Queue | Villager (Male) |
| 13:48 | Build | Farm |
| 14:04 | Queue | Archer |
| 14:05 | Queue | Scout Cavalry |
| 14:13 | Build | Farm |
| 14:13 | Queue | Villager (Male) |
| 14:13 | Queue | Villager (Male) |
| 14:18 | Build | House |
| 14:18 | Build | House |
| 14:25 | Build | Farm |
| 14:36 | Queue | Villager (Male) |
| 14:48 | Queue | Scout Cavalry |
| 14:56 | Build | Farm |
| 15:02 | Queue | Archer |
| 15:07 | Queue | Villager (Male) |
| 15:07 | Queue | Villager (Male) |
| 15:14 | Queue | Skirmisher |
| 15:17 | Build | Farm |
| 15:25 | Build | Farm |
| 15:47 | Queue | Villager (Male) |
| 16:03 | Queue | Villager (Male) |
| 16:03 | Queue | Villager (Male) |
| 16:05 | Build | Farm |
| 16:06 | Build | Farm |
| 16:12 | Queue | Skirmisher |
| 16:13 | Queue | Skirmisher |
| 16:20 | Queue | Villager (Male) |
| 16:20 | Queue | Villager (Male) |
| 16:26 | Queue | Skirmisher |
| 16:27 | Queue | Villager (Male) |
| 16:27 | Queue | Villager (Male) |
| 16:31 | Build | Market |
| 16:46 | Queue | Skirmisher |
| 17:11 | Queue | Skirmisher |
| 17:14 | Research | Wheelbarrow |
| 17:18 | Queue | Villager (Male) |
| 17:20 | Build | House |
| 17:21 | Build | House |
| 17:26 | Queue | Villager (Male) |
| 17:34 | Queue | Skirmisher |
| 17:56 | Build | Farm |
| 17:56 | Build | Farm |
| 18:00 | Build | Farm |
| 18:22 | Queue | Skirmisher |
| 18:26 | Queue | Villager (Male) |
| 18:44 | Build | Farm |
| 18:46 | Build | Farm |
| 18:46 | Build | Farm |
| 18:56 | Queue | Villager (Male) |
| 19:05 | Build | Mining Camp |
| 19:19 | Queue | Villager (Male) |
| 19:23 | Build | Palisade Gate |
| 19:24 | Build | House |
Build order — 半月回淑
First 150 of 361 actions detected
| 0:00 | Queue | Villager (Male) |
| 0:00 | Queue | Villager (Male) |
| 0:02 | Build | House |
| 0:12 | Queue | Villager (Male) |
| 0:24 | Queue | Villager (Male) |
| 0:24 | Queue | Villager (Male) |
| 1:22 | Queue | Villager (Male) |
| 2:00 | Queue | Villager (Male) |
| 2:04 | Build | Settlement |
| 2:11 | Queue | Villager (Male) |
| 2:50 | Queue | Villager (Male) |
| 3:06 | Queue | Villager (Male) |
| 3:29 | Queue | Villager (Male) |
| 3:40 | Queue | Villager (Male) |
| 4:07 | Build | Barracks |
| 4:22 | Queue | Villager (Male) |
| 4:56 | Queue | Villager (Male) |
| 5:04 | Queue | Unit 2550 |
| 5:05 | Queue | Unit 2550 |
| 5:19 | Queue | Villager (Male) |
| 5:44 | Build | Settlement |
| 5:49 | Queue | Villager (Male) |
| 6:03 | Queue | Villager (Male) |
| 6:03 | Research | Loom |
| 6:07 | Queue | Villager (Male) |
| 6:20 | Build | Palisade Wall |
| 6:21 | Build | Palisade Wall |
| 6:27 | Queue | Villager (Male) |
| 6:39 | Queue | Unit 2550 |
| 7:00 | Build | Palisade Wall |
| 7:03 | Build | Palisade Wall |
| 7:11 | Build | Settlement |
| 7:13 | Queue | Villager (Male) |
| 7:28 | Queue | Unit 2550 |
| 7:46 | Research | Loom |
| 7:52 | Queue | Villager (Male) |
| 7:52 | Research | Loom |
| 8:03 | Build | Palisade Wall |
| 8:40 | Build | House |
| 8:42 | Build | Palisade Wall |
| 8:45 | Queue | Villager (Male) |
| 9:01 | Build | Palisade Wall |
| 9:06 | Build | Palisade Wall |
| 9:08 | Build | Palisade Wall |
| 9:12 | Research | Feudal Age |
| 9:12 | Research | Feudal Age |
| 9:21 | Build | Palisade Wall |
| 9:22 | Build | Palisade Wall |
| 9:27 | Build | Palisade Wall |
| 9:29 | Build | Palisade Wall |
| 9:38 | Build | Settlement |
| 9:58 | Build | Palisade Wall |
| 10:21 | Build | Palisade Gate |
| 10:23 | Build | Palisade Wall |
| 10:23 | Build | Palisade Wall |
| 10:42 | Queue | Villager (Male) |
| 11:22 | Age | Feudal Age |
| 11:25 | Build | Palisade Wall |
| 11:34 | Build | Archery Range |
| 11:43 | Queue | Villager (Male) |
| 11:51 | Build | Farm |
| 11:55 | Queue | Villager (Male) |
| 12:00 | Research | Double-Bit Axe |
| 12:00 | Research | Double-Bit Axe |
| 12:06 | Queue | Unit 2550 |
| 12:15 | Queue | Villager (Male) |
| 12:25 | Queue | Spearman |
| 12:30 | Queue | Archer |
| 12:33 | Build | Farm |
| 12:51 | Queue | Archer |
| 12:58 | Build | Farm |
| 13:02 | Build | Farm |
| 13:03 | Queue | Villager (Male) |
| 13:16 | Queue | Villager (Male) |
| 13:18 | Build | Farm |
| 13:36 | Queue | Archer |
| 13:37 | Queue | Villager (Male) |
| 14:06 | Build | Farm |
| 14:07 | Queue | Archer |
| 14:10 | Build | Blacksmith |
| 14:22 | Build | Palisade Wall |
| 14:31 | Queue | Archer |
| 14:38 | Queue | Archer |
| 14:55 | Build | Farm |
| 14:56 | Build | Farm |
| 15:00 | Queue | Villager (Male) |
| 15:06 | Build | House |
| 15:14 | Research | Fletching |
| 15:18 | Build | Farm |
| 15:20 | Build | Farm |
| 15:25 | Queue | Archer |
| 15:33 | Build | Farm |
| 15:38 | Build | Palisade Wall |
| 15:55 | Queue | Villager (Male) |
| 16:20 | Queue | Archer |
| 16:24 | Build | House |
| 16:29 | Queue | Villager (Male) |
| 16:30 | Queue | Villager (Male) |
| 16:38 | Build | Farm |
| 16:38 | Build | Farm |
| 16:38 | Build | Farm |
| 16:39 | Build | Farm |
| 16:47 | Queue | Archer |
| 17:10 | Build | Farm |
| 17:20 | Queue | Villager (Male) |
| 17:23 | Queue | Villager (Male) |
| 17:47 | Queue | Archer |
| 18:49 | Research | Castle Age |
| 19:08 | Build | Barracks |
| 19:14 | Research | Scale Mail Armor |
| 19:36 | Research | Horse Collar |
| 19:41 | Queue | Unit 2550 |
| 19:53 | Research | Forging |
| 19:56 | Build | Farm |
| 20:15 | Queue | Unit 2550 |
| 20:30 | Queue | Unit 2550 |
| 20:38 | Build | Barracks |
| 20:48 | Queue | Unit 2550 |
| 20:58 | Research | Wheelbarrow |
| 21:05 | Research | Tech 1402 |
| 21:24 | Queue | Unit 2550 |
| 21:29 | Age | Castle Age |
| 21:41 | Queue | Villager (Male) |
| 21:50 | Research | Tech 1351 |
| 21:52 | Research | Squires |
| 21:52 | Queue | Villager (Male) |
| 22:05 | Queue | Unit 2550 |
| 22:07 | Queue | Unit 2550 |
| 22:14 | Build | Farm |
| 22:16 | Build | Farm |
| 22:17 | Build | Farm |
| 22:24 | Queue | Unit 2550 |
| 22:36 | Build | Farm |
| 22:39 | Queue | Unit 2550 |
| 22:53 | Queue | Villager (Male) |
| 23:00 | Queue | Unit 2550 |
| 23:08 | Queue | Unit 2550 |
| 23:09 | Queue | Unit 2550 |
| 23:24 | Queue | Villager (Male) |
| 23:41 | Queue | Unit 2550 |
| 23:41 | Queue | Unit 2550 |
| 23:41 | Queue | Unit 2550 |
| 23:41 | Queue | Unit 2550 |
| 23:47 | Research | Bow Saw |
| 24:21 | Queue | Unit 2550 |
| 24:27 | Queue | Villager (Male) |
| 24:29 | Queue | Petard |
| 24:36 | Queue | Unit 2550 |
| 24:44 | Queue | Petard |
| 24:45 | Queue | Villager (Male) |
Match timeline
| 4:07 | 半月回淑 · first_building Barracks |
| 6:20 | 半月回淑 · wall_segment Palisade Wall x1 |
| 6:21 | 半月回淑 · wall_segment Palisade Wall x1 |
| 6:52 | SalzZ_wide · wall_segment Palisade Wall x1 |
| 6:52 | SalzZ_wide · wall_segment Palisade Wall x1 |
| 6:53 | SalzZ_wide · wall_segment Palisade Wall x1 |
| 7:00 | 半月回淑 · wall_segment Palisade Wall x1 |
| 7:03 | 半月回淑 · wall_segment Palisade Wall x6 |
| 8:03 | 半月回淑 · wall_segment Palisade Wall x4 |
| 8:33 | SalzZ_wide · first_building Barracks |
| 8:42 | 半月回淑 · wall_segment Palisade Wall x4 |
| 9:01 | 半月回淑 · wall_segment Palisade Wall x1 |
| 9:06 | 半月回淑 · wall_segment Palisade Wall x3 |
| 9:08 | 半月回淑 · wall_segment Palisade Wall x8 |
| 9:16 | SalzZ_wide · age_up feudal |
| 9:21 | 半月回淑 · wall_segment Palisade Wall x1 |
| 9:22 | 半月回淑 · wall_segment Palisade Wall x1 |
| 9:24 | SalzZ_wide · first_building Stable |
| 9:27 | 半月回淑 · wall_segment Palisade Wall x1 |
| 9:29 | 半月回淑 · wall_segment Palisade Wall x2 |
| 9:58 | 半月回淑 · wall_segment Palisade Wall x1 |
| 10:23 | 半月回淑 · wall_segment Palisade Wall x1 |
| 10:23 | 半月回淑 · wall_segment Palisade Wall x1 |
| 10:40 | SalzZ_wide · wall_segment Palisade Wall x1 |
| 10:42 | SalzZ_wide · wall_segment Palisade Wall x1 |
| 11:00 | SalzZ_wide · wall_segment Palisade Wall x1 |
| 11:19 | SalzZ_wide · first_building Archery Range |
| 11:22 | 半月回淑 · age_up feudal |
| 11:25 | 半月回淑 · wall_segment Palisade Wall x1 |
| 11:34 | 半月回淑 · first_building Archery Range |
| 12:26 | SalzZ_wide · wall_segment Palisade Wall x1 |
| 12:31 | SalzZ_wide · wall_segment Palisade Wall x1 |
| 12:33 | SalzZ_wide · wall_segment Palisade Wall x1 |
| 12:44 | SalzZ_wide · wall_segment Palisade Wall x6 |
| 13:09 | SalzZ_wide · wall_segment Palisade Wall x5 |
| 13:10 | SalzZ_wide · wall_segment Palisade Wall x1 |
| 14:22 | 半月回淑 · wall_segment Palisade Wall x1 |
| 15:38 | 半月回淑 · wall_segment Palisade Wall x1 |
| 19:29 | SalzZ_wide · wall_segment Palisade Wall x1 |
| 21:29 | 半月回淑 · age_up castle |
| 22:23 | SalzZ_wide · age_up castle |
| 22:27 | SalzZ_wide · first_market_buy 100 stone |
| 22:29 | SalzZ_wide · first_building Castle |
| 22:36 | SalzZ_wide · wall_segment Palisade Wall x1 |
| 23:52 | SalzZ_wide · first_building Monastery |
| 26:48 | SalzZ_wide · first_market_sell 100 food |
| 26:55 | SalzZ_wide · first_building Siege Workshop |
| 27:14 | 半月回淑 · first_building Monastery |
| 29:32 | 半月回淑 · first_building Siege Workshop |
| 35:58 | 半月回淑 · first_building Castle |
| 37:50 | 半月回淑 · wall_segment Palisade Wall x1 |
| 37:52 | 半月回淑 · wall_segment Palisade Wall x1 |
| 37:53 | 半月回淑 · wall_segment Palisade Wall x1 |
| 38:32 | 半月回淑 · wall_segment Palisade Wall x1 |
| 39:15 | SalzZ_wide · age_up imperial |
| 39:48 | 半月回淑 · resign |
[ AI ANALYSIS · 1 CREDIT ]
What really happened in this match?
Wolo.gg analyzes every decision: build order, eco, micro, common mistakes by bracket. Personalized analysis on WhatsApp or Discord in 30 seconds.
Civ guide
Hindustanis
Perfil
Jugador #3747802